 Dungeon Sprint DCSS version 0.21-a0-352-g5b8f553 (webtiles) character file.

686 Kidiri the Fighter (level 7, -5/72 HPs)
             Began as a Grey Draconian Berserker on Oct 10, 2017.
             Was an Elder of Trog.
             Slain by a human (9 damage)
             ... in the Dungeon (Sprint III: "The Ten Rune Challenge").
             The game lasted 00:02:23 (398 turns).

Kidiri the Fighter (Grey Draconian Berserker)        Turns: 398, Time: 00:02:24

Health: -5/72      AC: 12    Str: 22    XL:     7   Next: 35%
Magic:  7/7        EV: 15    Int:  7    God:    Trog [****..]
Gold:   36         SH:  0    Dex: 10    Spells: 6/6 levels left

rFire    . . .     SeeInvis .   a - +0 mace
rCold    + . .     Gourm    .   (no shield)
rNeg     . . .     Faith    .   (armour unavailable)
rPois    .         Spirit   .   (helmet restricted)
rElec    .         Reflect  .   k - +0 cloak
rCorr    .         Harm     .   (no gloves)
MR       .....     NoTele   +   (no boots)
Stlth    +.........             (no amulet)
HPRegen  0.22/turn              (no ring)
MPRegen  0.10/turn              (no ring)

@: berserk cooldown, slowed, very slow
A: walk through water, unfitting armour, antennae 1, cold resistance 1,
unbreathing, cold-blooded, AC +11
a: Berserk, Trog's Hand, Brothers in Arms, Burn Spellbooks, Renounce Religion


You were in the Dungeon.
You worshipped Trog.
Trog was greatly pleased with you.
You were very hungry.

You visited 1 branch You collected 36 gold pieces.

Inventory:

Hand Weapons
 a - a +0 mace (weapon)
Armour
 k - a +0 cloak (worn)
Scrolls
 h - a scroll of blinking
 l - 2 scrolls of torment {unknown}
 m - 2 scrolls of identify {unknown}
 n - 2 scrolls of remove curse {unknown}
Potions
 c - a potion of curing
 d - a potion of heal wounds
 e - a potion of haste
 f - 2 potions of magic
 g - a potion of berserk rage
 j - a potion of brilliance {unknown}
 p - 2 potions of flight
 r - a potion of degeneration {unknown}
 s - 3 potions of mutation
Comestibles
 b - a bread ration
 o - a meat ration
 q - 3 fruits


   Skills:
 * Level 10.0 Fighting
 * Level 9.2 Maces & Flails
 + Level 5.5 Throwing
 * Level 8.4 Dodging


You had 6 spell levels left.
You didn't know any spells.

Dungeon Overview and Level Annotations

Branches:
Dungeon (1/1)

Altars:
Elyvilon
Kikubaaqudgha
Okawaru
Sif Muna
Trog
Uskayaw
Vehumet
Wu Jian
Zin
The Shining One
Beogh


Innate Abilities, Weirdness & Mutations

You can walk through water.
Your dull iron-grey scales are very hard. (AC +11)
You cannot fit into any form of body armour.
You can survive without breathing.
You are cold-blooded and may be slowed by cold attacks.
You have a pair of small antennae on your head.
Your flesh is cold resistant. (rC+)


Message History

Aim: a human, wielding a dagger (almost dead, berserk, fast, unusually strong) Attack!
The human misses you. The human hits you!
* * * LOW HITPOINT WARNING * * *
Your ogre hits the human with a giant club!!
The human dies!
Trog accepts your kill.
Your Fighting skill increases to level 10!
Your Maces & Flails skill increases to level 9!
The human hits you!
* * * LOW HITPOINT WARNING * * *
You barely miss the human. You tail-slap the human.
The human is lightly wounded.
Your ogre completely misses the human.
The human misses you.
Unknown command.
Press < or > to pray at altars.
You sock the human!
The human is moderately wounded.
Your ogre closely misses the human.
The human misses you.
Your ogre barely misses the human.
The human hits you!
You die...

▓▓ ▓▓▓ .####
##.#########
....#####..#___#@__#
..÷..#..#..#.).#pO.#
##...#..#..###+#'###+##
###..##+#..#..........#
.##..###...'.⌠........#
##..####...#...######+#
##..###....#.⌠.#
#...##.....#...#
....#).....#+###


You could see a human and a friendly ogre (berserk).

Vanquished Creatures
  A deep elf mage (D)
  A water elemental (D)
  Crazy Yiuf (D)
  A wizard (D)
  A kobold demonologist (D)
  A human (D)
  An ooze (D)
  3 rats (D)
10 creatures vanquished.

Vanquished Creatures (collateral kills)
  A human (D)
1 creature vanquished.

Vanquished Creatures (others)
  2 draconian scorchers (D)
  A hydra (D)
  6 hellions (D)
  A yaktaur (D)
  4 plants (D)
14 creatures vanquished.

Grand Total: 25 creatures vanquished

Notes
Turn   | Place    | Note
-------+----------+-------------------------------------------
     0 | D        | Kidiri the Draconian Berserker began the quest for the Orb.
     0 | D        | Reached XP level 1. HP: 19/19 MP: 1/1
    28 | D        | Reached ** piety under Trog
    30 | D        | Killed a yaktaur
    44 | D        | Reached skill level 4 in Fighting
    44 | D        | Reached skill level 1 in Throwing
    54 | D        | Noticed Crazy Yiuf
    67 | D        | Reached XP level 2. HP: 28/28 MP: 2/2
    69 | D        | Killed Crazy Yiuf
    69 | D        | Reached skill level 5 in Fighting
    69 | D        | Reached XP level 3. HP: 36/36 MP: 3/3
    84 | D        | Killed a hellion
    88 | D        | Killed a hellion
   101 | D        | Gained mutation: Your spells are a little easier to cast, but a little less powerful. [potion of mutation]
   101 | D        | Gained mutation: Your mind is acute. (Int +2) [potion of mutation]
   102 | D        | Lost mutation: Your spells are a little easier to cast, but a little less powerful. [potion of mutation]
   102 | D        | Lost mutation: Your mind is acute. (Int +2) [potion of mutation]
   102 | D        | Gained mutation: Your mind is acute. (Int +2) [potion of mutation]
   102 | D        | Gained mutation: You have a pair of small antennae on your head. [potion of mutation]
   102 | D        | Gained mutation: Your spells are a little harder to cast, but a little more powerful. [potion of mutation]
   103 | D        | Lost mutation: You have a pair of small antennae on your head. [potion of mutation]
   103 | D        | Lost mutation: Your mind is acute. (Int +2) [potion of mutation]
   103 | D        | Lost mutation: Your spells are a little harder to cast, but a little more powerful. [potion of mutation]
   103 | D        | Gained mutation: You have a pair of small antennae on your head. [potion of mutation]
   103 | D        | Gained mutation: Your flesh is cold resistant. (rC+) [potion of mutation]
   110 | D        | Killed a hellion
   152 | D        | Noticed a water elemental
   154 | D        | Killed a water elemental
   154 | D        | Reached *** piety under Trog
   154 | D        | Reached skill level 6 in Fighting
   154 | D        | Reached skill level 5 in Maces & Flails
   154 | D        | Reached skill level 5 in Dodging
   154 | D        | Reached XP level 4. HP: 45/45 MP: 4/4
   159 | D        | Killed a hellion
   159 | D        | Killed a hellion
   168 | D        | Killed a white draconian scorcher
   171 | D        | Killed a hellion
   180 | D        | Killed a four-headed hydra
   221 | D        | Found a radiant altar of Vehumet.
   222 | D        | Noticed a wizard
   222 | D        | Found a deep blue altar of Sif Muna.
   222 | D        | Found an ancient bone altar of Kikubaaqudgha.
   227 | D        | Killed a wizard
   227 | D        | Reached **** piety under Trog
   227 | D        | Reached XP level 5. HP: 51/51 MP: 5/5
   246 | D        | Killed a white draconian scorcher
   319 | D        | Found a glowing silver altar of Zin.
   320 | D        | Found a glowing golden altar of the Shining One.
   320 | D        | Found a white marble altar of Elyvilon.
   320 | D        | Noticed a deep elf mage
   325 | D        | Killed a deep elf mage
   325 | D        | Reached skill level 9 in Fighting
   325 | D        | Reached skill level 5 in Throwing
   325 | D        | Reached XP level 6. HP: 64/64 MP: 6/6
   325 | D        | Your scales start taking on a dull iron-grey colour.
   325 | D        | Reached XP level 7. HP: 70/70 MP: 7/7
   325 | D        | Gained mutation: You can survive without breathing. [Grey Draconian growth]
   378 | D        | Found an ornate altar of the Wu Jian Council.
   378 | D        | Found a roughly hewn altar of Beogh.
   378 | D        | Found an iron altar of Okawaru.
   378 | D        | Found a bloodstained altar of Trog.
   378 | D        | Found a hide-covered altar of Uskayaw.
   378 | D        | Noticed a human
   380 | D        | Noticed a human
   396 | D        | Killed a human
   396 | D        | Reached skill level 10 in Fighting
   396 | D        | HP: 3/72 [human (8)]
   398 | D        | Slain by a human

Vault maps used:
D:        dungeon_sprint_mu

Skill      XL: |  1  2  3  4  5  6  7 |
---------------+----------------------+-----
Dodging        | 3 4 5 8 |  8.4
Fighting       | 4 5 6 9 10 | 10.0
Throwing       | 1 2 3 5 |  5.5
Maces & Flails | 4 5 6 8 9 |  9.2

Action                   |  1- 3 |  4- 6 |  7- 9 || total
-------------------------+-------+-------+-------++-------
Melee: Mace              |    25 |     8 |    11 ||    44
       Tailslap          |     3 |     2 |     2 ||     7
Invok: Berserk           |     2 |     2 |     1 ||     5
       Burn Spellbooks   |       |     1 |       ||     1
       Brothers in Arms  |       |       |     1 ||     1
  Use: Potion            |     3 |       |     1 ||     4
 Stab: Sleeping          |     1 |       |       ||     1
  Eat: Chunk             |       |     1 |     1 ||     2
Armor: Skin              |     2 |     1 |     8 ||    11
Dodge: Dodged            |     9 |     4 |    13 ||    26

Table legend:
 A = Spawn XP
 B = Non-spawn XP
 C = Spawn XP percentage of total XP
 D = Spawn monster count
 E = Non-spawn monster count
 F = Spawn count percentage of total count
 G = Total turns spent on level
                    A         B        C        D         E        F      G
               +---------+---------+-------+---------+---------+-------+---------
         Total |       0 |     981 |   0.0 |       0 |      11 |   0.0 |   398
               +---------+---------+-------+---------+---------+-------+---------
             D |       0 |     981 |   0.0 |       0 |      11 |   0.0 |   398
               +---------+---------+-------+---------+---------+-------+---------
